 Dungeon Crawl Stone Soup version 0.22-a0-482-g76e0a5f51a (webtiles) character file.

8773 D1HalberdGnoll the Devastator (level 11, -3/68 HPs)
             Began as a Tengu Conjurer on June 17, 2018.
             Was an Elder of Vehumet.
             Slain by a komodo dragon (20 damage)
             ... on level 1 of the Lair of Beasts.
             The game lasted 00:23:00 (14685 turns).

D1HalberdGnoll the Devastator (Tengu Conjurer)     Turns: 14685, Time: 00:23:01

Health: -3/68      AC: 13    Str: 10    XL:     11   Next: 36%
Magic:  10/21      EV: 13    Int: 18    God:    Vehumet [****..]
Gold:   464        SH:  5    Dex: 18    Spells: 14/22 levels left

rFire    + . .     SeeInvis .   A - staff of energy
rCold    + . .     Gourm    +   r - +0 buckler
rNeg     . . .     Faith    .   q - +5 ring mail of Death's Door {rPois rCorr Dex+4}
rPois    +         Spirit   .   (helmet restricted)
rElec    .         Reflect  .   d - +0 cloak
rCorr    +         Harm     .   y - +0 pair of gloves
MR       .....                  (boots unavailable)
Stlth    ++........             s - amulet of the gourmand
HPRegen  0.21/turn              i - ring of protection from cold
MPRegen  0.17/turn              w - ring of protection from fire

@: no status effects
A: beak, talons 3, able to fly 1
a: Fly, Renounce Religion


You were on level 1 of the Lair of Beasts.
You worshipped Vehumet.
Vehumet was greatly pleased with you.
You were very full.

You visited 3 branches of the dungeon, and saw 12 of its levels.

You collected 464 gold pieces.

Inventory:

Armour
 d - a +0 cloak (worn)
 q - the +5 ring mail of Death's Door (worn) {rPois rCorr Dex+4}
   (You found it on level 7 of the Dungeon)

   It affects your dexterity (+4).
   It protects you from poison.
   It protects you from acid and corrosion.
 r - a +0 buckler (worn)
 y - a +0 pair of gloves (worn)
Magical Staves
 A - an uncursed staff of energy (weapon)
Jewellery
 i - a ring of protection from cold (left hand)
 o - an uncursed ring of see invisible
 s - an amulet of the gourmand (around neck)
 w - a ring of protection from fire (right hand)
Wands
 g - a wand of flame (28)
 t - a wand of digging (10)
 D - a wand of enslavement (5)
Scrolls
 a - 3 scrolls of enchant armour
 e - a scroll of amnesia
 k - 5 scrolls of teleportation
 m - a scroll of immolation
 n - 8 scrolls of remove curse
 C - a scroll of identify
 G - a scroll of fog
Potions
 b - a potion of invisibility {unknown}
 f - 2 potions of magic {unknown}
 h - 3 potions of mutation
 j - 6 potions of curing
 l - a potion of cancellation {unknown}
 p - a potion of brilliance {unknown}
 u - 5 potions of degeneration {unknown}
 v - 2 potions of haste {unknown}
 x - a potion of ambrosia {unknown}
 z - 2 potions of agility
 B - 4 potions of lignification
 F - a potion of might {unknown}
Comestibles
 c - 25 rations


   Skills:
 + Level 8.2 Fighting
 - Level 5.0 Armour
 + Level 4.4 Dodging
 - Level 2.0 Stealth
 - Level 4.1 Shields
 - Level 6.0 Spellcasting
 * Level 15.1 Conjurations
 + Level 2.0 Evocations


You had 14 spell levels left.
You knew the following spells:

 Your Spells              Type           Power        Failure   Level  Hunger
a - Magic Dart            Conj           ####         1%          1    None
b - Searing Ray           Conj           ######       1%          2    None
c - Dazzling Spray        Conj/Hex       ####..       1%          3    None
p - Apportation           Tloc           #.....       28%         1    None
s - Animate Skeleton      Necr           N/A          28%         1    None

Your spell library contained the following spells:

 Spells                   Type           Power        Failure   Level  Hunger
 Summon Small Mammal      Summ           #...         28%         1    None
 Iskenderun's Mystic Bla  Conj           ######..     1%          4    None
 Confusing Touch          Hex            #.....       28%         1    None
 Fulminant Prism          Conj/Hex       ####......   3%          4    None
 Force Lance              Conj/Tloc      ####....     3%          4    None


Dungeon Overview and Level Annotations

Branches:
Dungeon (10/15)            Temple (1/1) D:4            Lair (1/6) D:8
    Orc: D:9-12

Altars:
Ashenzari
Cheibriados
Dithmenos
Elyvilon
Fedhas
Gozag
Hepliaklqana
Kikubaaqudgha
Makhleb
Nemelex Xobeh
Okawaru
Qazlal
Ru
Sif Muna
Trog
Uskayaw
Vehumet
Wu Jian
Xom
Yredelemnul
Zin
The Shining One

Shops:
D:6 [

Portals:
Volcano: Lair:1

Annotations:
D:2 exclusion: 2 downstairs


Innate Abilities, Weirdness & Mutations

You have a beak for a mouth.
You have claws for feet.
You can fly.


Message History

The searing ray misses the komodo dragon.
You finish channeling your searing ray.
The komodo dragon bites you!!
A komodo dragon is nearby!
Casting: Searing Ray (safe; 1% risk of failure)
Confirm with . or Enter, or press ? or * to list all spells.
Aiming: Searing Ray (safe; 1% risk of failure)
Press: ? - help, Shift-Dir - straight line, f/p - komodo dragon
Aim: a komodo dragon (heavily wounded)
The searing ray hits the komodo dragon.
The komodo dragon is severely wounded. (Press . to maintain the ray.)
You block the komodo dragon's attack.
The searing ray hits the komodo dragon.
The komodo dragon is almost dead.
The komodo dragon bites you!!
* * * LOW HITPOINT WARNING * * *
The searing ray hits the komodo dragon.
The komodo dragon is almost dead.
The komodo dragon bites you!!
You die...

### #P#####
.....P#########
.....##.......### #
................####....
................@l......
..............P.P##...#.
.....##.####.##.## .#
....##### #......# ....#
#......... ....#
#......PP. ....#
#......#P.. #...#
#.......... #..P#
#......#....##.>...


You could see a komodo dragon.

Vanquished Creatures
  A centaur warrior (D:10)
  2 two-headed ogres
  Pikel (D:7)
  A rime drake (Lair:1)
  A troll (D:9)
  A hippogriff (D:10)
  A hornet (D:8)
  A wraith (D:10)
  A hungry ghost (D:10)
  Menkaure (D:7)
  4 water moccasins
  3 slaves (D:7)
  An orc warrior (D:7)
  An ice beast (D:8)
  The ghost of Jonneg the Skirmisher, an amateur MiFi (D:9)
  2 sky beasts
  A phantom (D:9)
  2 black bears
  5 ogres
  A centaur (D:10)
  2 crocodiles
  A big kobold (D:10)
  8 bullfrogs
  9 killer bees
  The ghost of Jonneg the Covered, a weakling MiFi (D:3)
  A scorpion (D:6)
  9 wights
  An electric eel (Lair:1)
  A howler monkey (D:4)
  6 crimson imps
  A centaur skeleton (D:4)
  A quasit (D:9)
  A gnoll shaman (D:6)
  5 orc priests
  3 hounds
  A jelly (D:9)
  11 orc wizards
  Crazy Yiuf (D:4)
  Ijyb (D:4)
  A bullfrog skeleton (D:5)
  Jessica (D:3)
  2 iguanas
  13 worker ants
  3 hound skeletons
  A hound zombie (D:6)
  2 howler monkey zombies
  3 worker ant zombies
  3 gnolls (D:6)
  9 adders
  2 shadow imps
  6 oozes
  An adder zombie (D:9)
  An adder skeleton (D:5)
  2 worms
  A dart slug (D:2)
  7 leopard geckos
  28 orcs
  5 giant cockroaches
  10 goblins
  5 hobgoblins
  18 jackals
  3 quokkas
  A ball python (D:4)
  4 bats
  5 frilled lizards
  12 kobolds
  A leopard gecko skeleton (D:9)
  A quokka skeleton (D:5)
  9 rats
256 creatures vanquished.

Vanquished Creatures (others)
  2 hornets (D:8)
  A human (D:10)
  An orc priest (D:7)
4 creatures vanquished.

Grand Total: 260 creatures vanquished

Notes
Turn   | Place    | Note
-------+----------+-------------------------------------------
     0 | D:1      | D1HalberdGnoll the Tengu Conjurer began the quest for the Orb.
     0 | D:1      | Reached XP level 1. HP: 10/10 MP: 4/4
   149 | D:1      | Reached XP level 2. HP: 16/16 MP: 3/6
   602 | D:1      | Reached XP level 3. HP: 20/20 MP: 3/7
   730 | D:1      | Reached skill level 1 in Fighting
   734 | D:1      | Learned a level 2 spell: Searing Ray
   880 | D:1      | Reached skill level 6 in Conjurations
  1598 | D:2      | Reached XP level 4. HP: 25/25 MP: 1/8
  2185 | D:3      | Found a faded altar of an unknown god.
  2227 | D:3      | Found a hide-covered altar of Uskayaw.
  2288 | D:3      | Noticed Jonneg's ghost (weakling MiFi)
  2429 | D:3      | Noticed Jessica
  2433 | D:3      | Killed Jessica
  2526 | D:3      | Learned a level 3 spell: Dazzling Spray
  2735 | D:3      | Gained mutation: You can fly. [Tengu growth]
  2735 | D:3      | Reached XP level 5. HP: 30/30 MP: 6/9
  3219 | D:4      | Found a staircase to the Ecumenical Temple.
  3374 | Temple   | Entered the Ecumenical Temple
  3473 | Temple   | Became a worshipper of Vehumet
  3495 | D:4      | Noticed Ijyb
  3540 | D:4      | Killed Ijyb
  3794 | D:4      | Reached skill level 7 in Conjurations
  3794 | D:4      | Reached XP level 6. HP: 35/35 MP: 4/11
  3889 | D:4      | Found a runed door.
  4445 | D:4      | Noticed Crazy Yiuf
  4448 | D:4      | Killed Crazy Yiuf
  4509 | D:5      | Entered Level 5 of the Dungeon
  4532 | D:5      | Reached skill level 1 in Shields
  4964 | D:5      | Reached XP level 7. HP: 40/40 MP: 10/13
  5098 | D:5      | Reached skill level 8 in Conjurations
  6079 | D:6      | Reached * piety under Vehumet
  6079 | D:6      | Offered knowledge of Freeze by Vehumet.
  6168 | D:5      | Reached skill level 9 in Conjurations
  6422 | D:6      | Reached XP level 8. HP: 38/47 MP: 7/14
  6779 | D:6      | Found Issiwnud's Armour Shoppe.
  7094 | D:7      | Got a smoking ring mail
  7477 | D:7      | Reached skill level 10 in Conjurations
  7854 | D:7      | Noticed Pikel
  7866 | D:7      | Killed Pikel
  7866 | D:7      | Reached XP level 9. HP: 51/53 MP: 5/17
  7953 | D:7      | Identified the +5 ring mail of Death's Door {rPois rCorr Dex+4} (You found it on level 7 of the Dungeon)
  7974 | D:7      | Reached skill level 5 in Fighting
  7974 | D:7      | Reached skill level 5 in Spellcasting
  7997 | D:7      | Reached skill level 11 in Conjurations
  7998 | D:7      | Reached ** piety under Vehumet
  8135 | D:7      | Offered knowledge of Sting by Vehumet.
  8151 | D:7      | Reached skill level 1 in Armour
  8485 | D:7      | Noticed Menkaure
  8490 | D:7      | Killed Menkaure
  9239 | D:8      | Found a staircase to the Lair.
  9313 | D:8      | Noticed a hornet
  9420 | D:8      | Noticed a hornet
  9432 | D:8      | Noticed a hornet
  9442 | D:8      | Killed a hornet
  9495 | D:8      | Reached skill level 12 in Conjurations
  9631 | D:8      | Noticed a two-headed ogre
  9872 | D:8      | Killed a two-headed ogre
  9872 | D:8      | Reached XP level 10. HP: 60/60 MP: 12/20
 10187 | D:8      | Offered knowledge of Inner Flame by Vehumet.
 10786 | D:9      | Reached skill level 13 in Conjurations
 11029 | D:9      | Reached *** piety under Vehumet
 11124 | D:9      | Noticed Jonneg's ghost (amateur MiFi)
 11133 | D:9      | Killed Jonneg's ghost
 11441 | D:3      | Found a hide-covered altar of Uskayaw.
 11730 | D:3      | Found a faded altar of an unknown god.
 11808 | D:3      | Killed Jonneg's ghost
 12180 | D:9      | Reached skill level 5 in Armour
 12428 | D:9      | Noticed a two-headed ogre
 12505 | D:9      | Killed a two-headed ogre
 12505 | D:9      | Reached skill level 14 in Conjurations
 12800 | D:10     | Entered Level 10 of the Dungeon
 12849 | D:10     | Offered knowledge of Static Discharge by Vehumet.
 13125 | D:10     | Reached XP level 11. HP: 68/68 MP: 14/21
 13550 | D:10     | Found an ancient bone altar of Kikubaaqudgha.
 13604 | D:10     | Learned a level 1 spell: Apportation
 13606 | D:10     | Learned a level 1 spell: Animate Skeleton
 13806 | D:10     | Reached **** piety under Vehumet
 13926 | D:10     | Noticed a centaur warrior
 13938 | D:10     | Killed a centaur warrior
 13938 | D:10     | Reached skill level 1 in Evocations
 14155 | D:10     | Offered knowledge of Airstrike by Vehumet.
 14333 | Lair:1   | Entered Level 1 of the Lair of Beasts
 14338 | Lair:1   | Reached skill level 15 in Conjurations
 14559 | Lair:1   | Found a dark tunnel.
 14685 | Lair:1   | Slain by a komodo dragon

Vault maps used:
D:1:      dpeg_arrival_ratfight, minmay_tetromino_s2
D:3:      eat_drink_and_be_merry_uskayaw,
          chequers_ecumenical_altar_simple_redux, uniq_jessica
D:4:      minmay_temple_entry_statues_fountains, uniq_crazy_yiuf_cottage,
          uniq_ijyb
D:5:      first_ration
D:6:      serial_shops, shop
D:7:      uniq_pikel, uniq_menkaure
D:8:      lair_entry_dummy, hangedman_pestilent_swarm
D:10:     tgw_kikubaaqudgha
Temple:   compressed_dpeg_circular_temple
Lair:1:   basic_altar, enter_volcano_2, minivault_25

Skill      XL: |  1  2  3  4  5  6  7  8  9 10 11 |
---------------+----------------------------------+-----
Fighting       | 1 2 3 4 6 7 8 |  8.2
Conjurations   | 6 7 9 10 12 14 15 | 15.1
Dodging        | 3 4 |  4.4
Spellcasting   | 3 4 6 |  6.0
Shields        | 1 2 4 |  4.1
Armour         | 3 5 |  5.0
Evocations     | 2 |  2.0
Stealth        | |  2.0

Action                   |  1- 3 |  4- 6 |  7- 9 | 10-12 || total
-------------------------+-------+-------+-------+-------++-------
Melee: Unarmed           |     3 |       |       |       ||     3
       Kick              |     1 |     1 |     3 |     6 ||    11
       Short sword       |       |     3 |    38 |       ||    41
       Peck              |       |     1 |     5 |     5 ||    11
       Whip              |       |       |     3 |    18 ||    21
 Cast: Magic Dart        |    62 |    79 |   129 |   100 ||   370
       Searing Ray       |     5 |    17 |    51 |    66 ||   139
       Dazzling Spray    |       |       |    10 |    28 ||    38
Evoke: Wand              |       |       |    18 |    13 ||    31
  Use: Scroll            |       |     8 |     5 |     4 ||    17
       Potion            |       |     1 |     2 |       ||     3
 Stab: Paralysed         |       |       |       |     2 ||     2
  Eat: Chunk             |     3 |    11 |    15 |    22 ||    51
       Ration            |       |     1 |       |       ||     1
Armor: Robe              |     4 |       |       |       ||     4
       Leather armour    |       |     8 |    23 |       ||    31
       Ring mail         |       |       |    19 |    41 ||    60
Dodge: Dodged            |     8 |    24 |    76 |    63 ||   171
Block: Buckler           |       |     3 |    22 |    36 ||    61

Table legend:
 A = Spawn XP
 B = Non-spawn XP
 C = Spawn XP percentage of total XP
 D = Spawn monster count
 E = Non-spawn monster count
 F = Spawn count percentage of total count
 G = Total turns spent on level
                    A         B        C        D         E        F      G
               +---------+---------+-------+---------+---------+-------+---------
         Total |       0 |   12533 |   0.0 |       0 |     254 |   0.0 | 14685
               +---------+---------+-------+---------+---------+-------+---------
           D:1 |       0 |      69 |   0.0 |       0 |      30 |   0.0 |  1419
           D:2 |       0 |      35 |   0.0 |       0 |      16 |   0.0 |   811
           D:3 |       0 |     131 |   0.0 |       0 |      15 |   0.0 |  1257
           D:4 |       0 |     322 |   0.0 |       0 |      14 |   0.0 |  1385
           D:5 |       0 |     373 |   0.0 |       0 |      17 |   0.0 |  1661
           D:6 |       0 |     875 |   0.0 |       0 |      26 |   0.0 |  1024
           D:7 |       0 |    1679 |   0.0 |       0 |      35 |   0.0 |  1853
           D:8 |       0 |    2617 |   0.0 |       0 |      34 |   0.0 |  1866
           D:9 |       0 |    2319 |   0.0 |       0 |      19 |   0.0 |  1452
          D:10 |       0 |    2921 |   0.0 |       0 |      40 |   0.0 |  1495
        Lair:1 |       0 |    1192 |   0.0 |       0 |       8 |   0.0 |   352
               +---------+---------+-------+---------+---------+-------+---------
